 Dungeon Crawl Stone Soup version 0.27.1-4-g1640c2035a (webtiles) character file.

Game seed: 9603640470311624219

179 Stomo444 the Skirmisher (level 5, -7/42 HPs)
             Began as a Demonspawn Monk on Nov 10, 2021.
             Was a Believer of Qazlal.
             Shot themself with a blast of magma (11 damage)
             ... on level 3 of the Dungeon.
             The game lasted 00:04:25 (3778 turns).

Stomo444 the Skirmisher (Demonspawn Monk)           Turns: 3778, Time: 00:04:26

Health: -7/42      AC:  6    Str: 12    XL:     5   Next: 32%
Magic:  6/6        EV: 13    Int: 12    God:    Qazlal [**....]
Gold:   98         SH:  3    Dex: 15    Spells: 4/4 levels left

rFire    . . .     SeeInvis .   a - +0 mace
rCold    . . .     Faith    .   (no shield)
rNeg     . . .     Spirit   .   b - +0 robe
rPois    .         Reflect  .   (no helmet)
rElec    .         Harm     .   f - +0 cloak
rCorr    .         Rampage  .   (no gloves)
Will     +....                  (no boots)
Stlth    ++........             (no amulet)
HPRegen  0.14/turn              e - ring of willpower
MPRegen  0.10/turn              (no ring)

@: no status effects
A: icy blue scales 2
a: Renounce Religion, Upheaval


You were on level 3 of the Dungeon.
You worshipped Qazlal.
Qazlal was pleased with you.
You visited 1 branch of the dungeon, and saw 4 of its levels.

You collected 98 gold pieces.

Inventory:

Hand Weapons
 a - a +0 mace (weapon)
Armour
 b - a +0 robe (worn)
 f - a +0 cloak (worn)
Jewellery
 e - a ring of willpower (left hand)
 m - a ring of fire
Scrolls
 c - 3 scrolls of identify {unknown}
 g - a scroll of blinking {unknown}
 h - a scroll of fog {unknown}
 i - a scroll of fear {unknown}
 j - a scroll of teleportation {unknown}
 k - 2 scrolls of magic mapping {unknown}
Potions
 l - a potion of brilliance {unknown}


   Skills:
 + Level 4.1 Fighting
 + Level 3.7 Maces & Flails
 + Level 3.7 Dodging
 - Level 1.7 Stealth
 + Level 0.0 Spellcasting
 * Level 2.0 Invocations


You had 4 spell levels left.
You didn't know any spells.
Your spell library contained the following spells:

 Spells                   Type           Power      Damage    Failure   Level
 Magic Dart               Conj           0%         1d3       32%         1
 Call Imp                 Summ           0%         N/A       45%         2
 Mephitic Cloud           Conj/Pois/Air  0%         N/A       69%         3


Dungeon Overview and Level Annotations

Branches:
Dungeon (4/15)
 Temple: D:4-7

Altars:
Qazlal

Shops:
D:3 :


Innate Abilities, Weirdness & Mutations

You are mostly covered in icy blue scales. (AC +3)


Message History

* * * LOW HITPOINT WARNING * * *
The iguana misses you.
Unknown command.
It was a potion of curing.
You feel better. The iguana closely misses you.
You closely miss the iguana.
The iguana is lightly wounded.
The iguana barely misses you. The iguana bites you.
Unknown command.
Aiming: Upheaval
Press: ? - help, Dir - move target, f - iguana
Aim: an iguana (lightly wounded) That beam is likely to hit you.
Continue anyway?
Okay, then.
You hit the iguana.
The iguana is moderately wounded.
The iguana bites you.
You barely miss the iguana.
The iguana is moderately wounded.
The iguana closely misses you.
You sock the iguana!
The iguana is severely wounded.
The iguana bites you!
* * * LOW HITPOINT WARNING * * *
You hit the iguana.
The iguana is almost dead.
The iguana bites you.
* * * LOW HITPOINT WARNING * * *
Aiming: Upheaval
Press: ? - help, Dir - move target, f/p - iguana
Aim: an iguana (almost dead) That beam is likely to hit you.
Continue anyway?
Okay, then.
An iguana is nearby!
Aiming: Upheaval
Press: ? - help, Dir - move target, f/p - iguana
Aim: an iguana (almost dead) That beam is likely to hit you.
Continue anyway?
Magma suddenly erupts from the ground!
The blast of magma engulfs you!
You die...

#.# ### #.# #.# #.###.##
#.# #.# #....#.# #.# #..
#.###.## #.# ###
######.###.### #.# #
#............#######.# #
#.####.###...........#
#.# #.# ###.######### #.#
#.# #@# ####### #.# #.#
#l# #...... #.#
#.#####.##########.#####
#.# #..................#
#.##########.############
#............#
##############


You could see an iguana.

Vanquished Creatures
  A centaur zombie (D:3)
  An orc wizard (D:3)
  3 adders
  2 worms (D:2)
  4 dart slugs
  8 orcs (D:3)
  6 endoplasms
  6 giant cockroaches
  7 goblins
  4 hobgoblins
  4 jackals (D:3)
  3 quokkas
  7 ball pythons
  2 bats (D:2)
  5 kobolds
  4 rats
67 creatures vanquished.

Vanquished Creatures (others)
  A plant (D:1)
1 creature vanquished.

Grand Total: 68 creatures vanquished

Notes
Turn   | Place    | Note
-------+----------+-------------------------------------------
     0 | D:1      | Stomo444 the Demonspawn Monk began the quest for the Orb.
     0 | D:1      | Reached XP level 1. HP: 18/18 MP: 1/1
   282 | D:1      | Gained mutation: You are partially covered in icy blue
                  | scales. (AC +2) [demonic ancestry]
   282 | D:1      | Reached XP level 2. HP: 23/24 MP: 2/2
  1012 | D:1      | Found a faded altar of an unknown god.
  1270 | D:2      | Found a stormy altar of Qazlal.
  1297 | D:2      | Became a worshipper of Qazlal Stormbringer
  1297 | D:2      | Reached * piety under Qazlal
  1297 | D:2      | Reached ** piety under Qazlal
  1392 | D:2      | Reached XP level 3. HP: 29/29 MP: 3/3
  2273 | D:3      | Gained mutation: You are mostly covered in icy blue scales.
                  | (AC +3) [demonic ancestry]
  2273 | D:3      | Reached XP level 4. HP: 34/37 MP: 4/4
  2450 | D:3      | Found a stormy altar of Qazlal.
  2478 | D:3      | Reached skill level 1 in Invocations
  2942 | D:3      | Reached skill level 4 in Fighting
  2946 | D:3      | Reached XP level 5. HP: 38/42 MP: 6/6
  3506 | D:3      | Found Iwkeomott's Book Shoppe.
  3679 | D:4      | Noticed an ogre
  3724 | D:4      | Noticed an ogre
  3778 | D:3      | Shot themself with a blast of magma

Illustrated notes

Levels and vault maps discovered:
D:1:      heliophobic_arrival_ceremonial_halls, layout_loops_ring,
          shapermc_ecumenical_altar_mp_vishouse, chequers_big_river
D:2:      layout_basic, basic_altar, kennysheep_another_room,
          minmay_crystal_room
D:3:      layout_loops_ring, grunt_qazlal_clouds, serial_shops,
          nicolae_lakefront_shop, hangedman_abyss_or_decor_lesser_grid
D:4:      layout_rooms, serial_shops, nicolae_shop_trees, wad_rectangle_vault,
          uniq_natasha, uniq_sigmund, uniq_ijyb

Skill      XL: |  1  2  3  4  5 |
---------------+----------------+-----
Dodging        | 3 |  3.7
Maces & Flails | 3 |  3.7
Invocations    | 1 2 |  2.0
Fighting       | 4 |  4.1
Stealth        | |  1.7

Action                   |  1- 3 |  4- 6 || total
-------------------------+-------+-------++-------
Melee: Mace              |   111 |   188 ||   299
  Use: Potion            |       |     1 ||     1
 Stab: Sleeping          |     9 |       ||     9
Armor: Robe              |    28 |    71 ||    99
Dodge: Dodged            |    82 |   104 ||   186
Block: Other             |     6 |    17 ||    23
